 Dungeon Crawl Stone Soup version 0.23-a0-171-g5ae17c6 (webtiles) character file.

169 grindst0ne the Skirmisher (level 5, 0/42 HPs)
             Began as a Mummy Fighter on Sept 12, 2018.
             Slain by a gnoll
             ... wielding a +0 club
              (7 damage)
             ... on level 2 of the Dungeon.
             The game lasted 00:01:23 (1065 turns).

grindst0ne the Skirmisher (Mummy Fighter)           Turns: 1065, Time: 00:01:24

Health: 0/42       AC:  6    Str: 21    XL:     5   Next: 25%
Magic:  5/5        EV:  7    Int:  7    God:
Gold:   78         SH:  9    Dex: 11    Spells: 4/4 levels left

rFire    x . .     SeeInvis .   a - +0 war axe
rCold    + . .     Gourm    .   c - +0 shield
rNeg     + + +     Faith    .   b - +0 scale mail
rPois    ∞         Spirit   .   (no helmet)
rElec    .         Reflect  .   (no cloak)
rCorr    .         Harm     .   (no gloves)
MR       .....                  (no boots)
Stlth    ..........             (no amulet)
HPRegen  0.14/turn              (no ring)
MPRegen  0.09/turn              (no ring)

@: no status effects
A: no food or potions, fire vulnerability, cold resistance 1, negative energy
resistance 3, torment resistance, unbreathing
a: no special abilities


You were on level 2 of the Dungeon.
You were not hungry.

You visited 1 branch of the dungeon, and saw 2 of its levels.

You collected 78 gold pieces.

Inventory:

Hand Weapons
 a - a +0 war axe (weapon)
Armour
 b - a +0 scale mail (worn)
 c - a +0 shield (worn)
Wands
 i - a wand of paralysis (18)
Scrolls
 d - a scroll of magic mapping {unknown}
 e - a scroll of identify {unknown}
 f - a scroll of remove curse {unknown}
 g - a scroll of immolation {unknown}
 h - a scroll of fog {unknown}


   Skills:
 + Level 3.9 Fighting
 + Level 2.6 Axes
 - Level 2.4 Armour
 * Level 3.9 Shields


You had 4 spell levels left.
You didn't know any spells.
Your spell library was empty.

Dungeon Overview and Level Annotations

Branches:
Dungeon (2/15)

Altars:
Makhleb


Innate Abilities, Weirdness & Mutations

You do not eat or drink.
Your flesh is vulnerable to fire.
You are immune to poison.
Your flesh is cold resistant. (rC+)
You are immune to negative energy. (rN+++)
You are immune to unholy pain and torment.
You can survive without breathing.


Message History

The gnoll hits you with a club. The gnoll barely misses you.
You block the gnoll's attack. The gnoll hits you but does no damage.
Your shield and scale mail prevent you from hitting the gnoll.
The gnoll is heavily wounded.
The gnoll hits you with a club.
The gnoll hits you from afar with a spear.
Your shield and scale mail prevent you from hitting the gnoll.
The gnoll is heavily wounded.
The gnoll hits you but does no damage. The gnoll hits you with a club.
The gnoll hits you but does no damage.
Your scale mail prevents you from hitting the gnoll.
The gnoll is heavily wounded.
The gnoll hits you but does no damage. You block the gnoll's attack.
The gnoll hits you but does no damage.
You closely miss the gnoll.
The gnoll is heavily wounded.
The gnoll hits you from afar with a spear!
* * * LOW HITPOINT WARNING * * *
The gnoll hits you with a club!
You die...

#
####################[#.###
.......!......(.@ggg.....?
###################..#.#..
..# ..# g## g#
############ .#
...........## g#
.###.#####..#


You could see 3 gnolls.

Vanquished Creatures
  Sigmund (D:2)
  A dart slug (D:1)
  A worm (D:2)
  2 leopard geckos
  3 bats
  A giant cockroach (D:2)
  4 goblins
  A hobgoblin (D:1)
  A frilled lizard (D:1)
  3 kobolds
  A rat (D:1)
19 creatures vanquished.

Notes
Turn   | Place    | Note
-------+----------+-------------------------------------------
     0 | D:1      | grindst0ne the Mummy Fighter began the quest for the Orb.
     0 | D:1      | Reached XP level 1. HP: 18/18 MP: 1/1
   232 | D:1      | Reached XP level 2. HP: 24/24 MP: 2/2
   799 | D:2      | Found a burning altar of Makhleb.
   799 | D:2      | Noticed Sigmund
   809 | D:2      | Killed Sigmund
   809 | D:2      | Reached XP level 3. HP: 30/30 MP: 3/3
   809 | D:2      | Reached XP level 4. HP: 37/37 MP: 4/4
   809 | D:2      | Reached XP level 5. HP: 42/42 MP: 5/5
  1065 | D:2      | Slain by a gnoll

Vault maps used:
D:1:      lemuel_arrival_room, grunt_decor_arrowhead, minmay_octomino_c4
D:2:      grunt_temple_overflow_order_and_chaos_2, uniq_sigmund

Skill      XL: |  1  2 |
---------------+-------+-----
Axes           | 2 |  2.6
Shields        | 3 |  3.9
Fighting       | |  3.9
Armour         | |  2.4

Action                   |  1- 3 |  4- 6 || total
-------------------------+-------+-------++-------
Melee: War axe           |    35 |    33 ||    68
Evoke: Wand              |     2 |       ||     2
 Stab: Paralysed         |     5 |       ||     5
Armor: Scale mail        |    13 |    14 ||    27
Dodge: Dodged            |    19 |    13 ||    32
Block: Shield            |    19 |    12 ||    31

Table legend:
 A = Non-vault XP
 B = Vault XP
 C = Vault XP percentage of total XP
 D = Non-vault monster count
 E = Vault monster count
 F = Vault count percentage of total count
                 A         B        C        D         E       F
            +---------+---------+-------+---------+---------+-------
      Total |      28 |     214 |  88.4 |      12 |       7 |  36.8
            +---------+---------+-------+---------+---------+-------
        D:1 |      10 |       9 |  47.4 |       4 |       6 |  60.0
        D:2 |      18 |     205 |  91.9 |       8 |       1 |  11.1
            +---------+---------+-------+---------+---------+-------
